 Dungeon Crawl Stone Soup version 0.29.0-11-gd7f09526c8 (webtiles) character file.

Game seed: 10604279476026867059

46 iguanaiguana the Digger (level 3, -4/19 HPs)
             Began as a Gargoyle Earth Elementalist on Sept 4, 2022.
             Slain by a gnoll
             ... wielding a +0 whip
              (8 damage)
             ... on level 3 of the Dungeon.
             The game lasted 00:05:05 (587 turns).

iguanaiguana the Digger (GrEE)                       Turns: 587, Time: 00:05:06

Health: -4/19      AC:  5    Str: 11    XL:     3   Next: 66%
Magic:  0/6        EV: 11    Int: 17    God:
Gold:   66         SH:  0    Dex: 10    Spells: 5/6 levels left

rFire   . . .      SeeInvis .   (no weapon)
rCold   . . .      Faith    .   (no shield)
rNeg    + . .      Spirit   .   a - +0 robe
rPois   ∞          Reflect  .   (no helmet)
rElec   +          Harm     .   (no cloak)
rCorr   .          Rampage  .   (no gloves)
Will    .....                   (no boots)
Stlth   ++........              (no amulet)
HPRegen 0.06/turn               (no ring)
MPRegen 0.10/turn               (no ring)

@: no status effects
A: sickness immunity, AC +3, negative energy resistance 1, electricity
resistance, torment resistance 1, petrification resistance
a: no special abilities


You were on level 3 of the Dungeon.
You visited 1 branch of the dungeon, and saw 3 of its levels.

You collected 66 gold pieces.

Inventory:

Hand Weapons
 f - a +0 dagger
 i - a +1 mace
Missiles
 g - 4 boomerangs
Armour
 a - a +0 robe (worn)
 l - a +2 scale mail of fire resistance
Scrolls
 d - a scroll of brand weapon {unknown}
 e - a scroll of enchant armour {unknown}
 j - a scroll of teleportation {unknown}
 k - a scroll of enchant weapon
 n - a scroll of identify {unknown}
Potions
 b - a potion of magic
 c - a potion of attraction {unknown}
 h - 2 potions of cancellation {unknown}
 m - a potion of curing {unknown}


   Skills:
 - Level 1.5 Dodging
 - Level 2.1 Stealth
 - Level 2.0 Spellcasting
 + Level 1.9 Conjurations
 - Level 0.7 Transmutations
 - Level 4.9 Earth Magic


You had 5 spell levels left.
You knew the following spells:

 Your Spells              Type           Power      Damage    Failure   Level
a - Sandblast             Erth           36%        2d10      2%          1

Your spell library contained the following spells:

 Spells                   Type           Power      Damage    Failure   Level
 Passwall                 Tmut/Erth      9%         N/A       10%         2
 Stone Arrow              Conj/Erth      26%        3d8       14%         3
 Petrify                  Tmut/Erth      11%        N/A       52%         4


Dungeon Overview and Level Annotations

Branches:
Dungeon (3/15) Zot: 17395

Altars:

Shops:
D:1 (

Annotations:
D:1 exclusion: dart slug


Innate Abilities, Weirdness & Mutations

You are immune to sickness and miasma.
Your stone body is resilient. (AC +3)
You are immune to poison.
You resist negative energy. (rN+)
You are resistant to electric shocks. (rElec)
You are resistant to unholy torment.
You are immune to petrification.


Message History

Casting: Sandblast (safe; 2% risk of failure)
Confirm with . or Enter, or press ? or * to list all spells.
Okay, then.
You aren't carrying any items that you can evoke.
Okay, then.
As you read the scroll labelled DUIRRI ZEUM, it crumbles to dust.
It is a scroll of enchant weapon.
Your +0 mace glows red for a moment.
Casting: Sandblast (safe; 2% risk of failure)
Confirm with . or Enter, or press ? or * to list all spells.
Aiming: Sandblast (safe; 2% risk of failure)
Press: ? - help, Shift-Dir - straight line, f - gnoll
Aim: a gnoll, wielding a +0 flail (84% to hit)
The blast of sand hits the gnoll!
The gnoll is severely wounded.
The gnoll hits you with a +0 flail!
* * * LOW HITPOINT WARNING * * *
Casting: Sandblast (safe; 2% risk of failure)
Confirm with . or Enter, or press ? or * to list all spells.
Aiming: Sandblast (safe; 2% risk of failure)
Press: ? - help, Shift-Dir - straight line, f/p - gnoll
Aim: a gnoll, wielding a +0 flail (severely wounded, 84% to hit)
The blast of sand hits the gnoll!
You kill the gnoll!
Casting: Sandblast (safe; 2% risk of failure)
Confirm with . or Enter, or press ? or * to list all spells.
Aiming: Sandblast (safe; 2% risk of failure)
Press: ? - help, Shift-Dir - straight line, f - gnoll
Aim: a gnoll, wielding a +0 whip (84% to hit)
The gnoll hits you with a +0 whip.
* * * LOW HITPOINT WARNING * * *
Casting: Sandblast (safe; 2% risk of failure)
Confirm with . or Enter, or press ? or * to list all spells.
Aiming: Sandblast (safe; 2% risk of failure)
Press: ? - help, Shift-Dir - straight line, f/p - gnoll
Aim: a gnoll, wielding a +0 whip (84% to hit)
The blast of sand hits the gnoll!
The gnoll is almost dead.
The gnoll hits you with a +0 whip!
You die...

#.............# #....#)#..
#.#####..########....#.#.? #.#
#.........g....)).....
#.###+###..^.g.........#..
#.#........#....#.####.#..
###..........#....#.# .....
##............#....#.# ......
##...(#......g.#....#.........
#...#.#.....)@.###############
#.#.#.####+##+## # #.#..
#.####### #........ #<.######
##....... #######


You could see a gnoll.

Vanquished Creatures
  2 gnolls (D:3)
  2 dart slugs
  An orc (D:3)
  2 ball pythons (D:1)
  4 endoplasms
  A goblin (D:1)
  A hobgoblin (D:2)
  3 quokkas (D:1)
  A bat (D:1)
  A frilled lizard (D:2)
  2 kobolds (D:1)
  2 rats
22 creatures vanquished.

Notes
Turn   | Place    | Note
-------+----------+-------------------------------------------
     0 | D:1      | iguanaiguana the Gargoyle Earth Elementalist began the
                  | quest for the Orb.
     0 | D:1      | Reached XP level 1. HP: 10/10 MP: 3/3
   111 | D:1      | Reached skill level 4 in Earth Magic
   146 | D:1      | Reached XP level 2. HP: 15/15 MP: 3/5
   182 | D:1      | Found Loatreta's Antique Weapon Shop.
   504 | D:3      | Reached XP level 3. HP: 19/19 MP: 4/6
   567 | D:3      | Reached skill level 1 in Conjurations
   587 | D:3      | Slain by a gnoll

Illustrated notes

Levels and vault maps discovered:
D:1:      moated_graveyard_arrival, layout_basic, serial_shops,
          nicolae_shop_trees
D:2:      layout_loops_cross, chequers_serial_rivers_micro_a, st_stairs_2
D:3:      layout_basic

Skill      XL: |  1  2  3 |
---------------+----------+-----
Earth Magic    | 4 |  4.9
Conjurations   | 1 |  1.9
Dodging        | |  1.5
Stealth        | |  2.1
Spellcasting   | |  2.0
Transmutations | |  0.7

Action                   || total
-------------------------++-------
 Cast: Sandblast         ||    34
  Use: Scroll            ||     1
Armor: Robe              ||     1
Dodge: Dodged            ||     5
